 Dungeon Crawl Stone Soup version 0.32-a0-893-gf85d74f360 (webtiles) character file.

Game seed: 2043925827904770444

2 ragingrage the Conjurer (level 1, 0/13 (16) HPs)
             Began as a Demonspawn Reaver on Apr 3, 2024.
             Slain by an endoplasm (2 damage)
             ... on level 2 of the Dungeon.
             The game lasted 00:00:12 (23 turns).

ragingrage the Conjurer (Demonspawn Reaver)           Turns: 23, Time: 00:00:12

HP:   0/13 (16)     AC:  3    Str: 12    XL:     1   Next: 33%
MP:   2/3           EV: 10    Int: 13    God:
Gold: 0             SH:  0    Dex: 11    Spells: 3/4 levels left

rFire   . . .        a - +0 falchion
rCold   . . .        (no shield)
rNeg    . . .        b - +0 leather armour
rPois   .            (no helmet)
rElec   .            (no cloak)
rCorr   .            (no gloves)
SInv    .            (no boots)
Will    .....        (no amulet)
Stlth   +            (no ring)
HPRegen 0.22/turn    (no ring)
MPRegen 0.08/turn

%: no passive effects
@: heavily drained
A: no striking features
a: no special abilities


You were on level 2 of the Dungeon.
You visited 1 branch of the dungeon, and saw 2 of its levels.

Inventory:

Hand Weapons
 a - a +0 falchion (weapon)
Armour
 b - a +0 leather armour (worn)


   Skills:
 - Level 2.0 Fighting
 + Level 2.9 Long Blades
 - Level 1.7 Dodging
 - Level 2.0 Spellcasting
 - Level 3.0 Conjurations


You had 3 spell levels left.
You knew the following spells:

 Your Spells              Type           Power      Damage    Failure   Level
a - Kiss of Death         Conj/Necr      20%        2d7       17%         1

Your spell library contained the following spells:

 Spells                   Type           Power      Damage    Failure   Level
 Momentum Strike          Conj/Tloc      10%        3d8       26%         2
 Hailstorm                Conj/Ice       5%         3d5       45%         3


Dungeon Overview and Level Annotations

Branches:
Dungeon (2/15)

Altars:


Message History

There are monsters nearby!
You aren't carrying any potions.
You aren't carrying any scrolls.
Unknown command.
Casting: Kiss of Death (safe; 17% risk of failure)
Aiming: Kiss of Death (safe; 17% risk of failure)
Press: ? - help, Shift-Dir - straight line, f - ball python
Aim: a ball python (100% to hit)
Okay, then.
You hit the ball python. The ball python bites you.
The ball python closely misses you. The goblin barely misses you.
The ball python bites you but does no damage.
The ball python barely misses you.
Casting: Kiss of Death (safe; 17% risk of failure)
Aiming: Kiss of Death (safe; 17% risk of failure)
Press: ? - help, Shift-Dir - straight line, f - ball python
Aim: a ball python (moderately wounded, 100% to hit)
The fragment of death hits the ball python!
The ball python is drained!
You kill the ball python!
You feel drained.
The goblin hits you but does no damage. x2
A goblin comes into view. It is wielding a +0 dagger.
You closely miss the goblin. The goblin hits you with a +0 dagger.
The goblin hits you but does no damage. The goblin hits you with a +0 club.
The goblin barely misses you.
An endoplasm comes into view.
The goblin attacks as it pursues you! The goblin hits you with a +0 club.
The goblin hits you with a +0 dagger.
The endoplasm jiggles.
The endoplasm barely misses you. The goblin hits you with a +0 dagger.
The endoplasm barely misses you.
There is a stone staircase leading down here.
The endoplasm freezes you.
You are frozen.
* * * LOW HITPOINT WARNING * * *
The goblin hits you but does no damage. The endoplasm barely misses you.
You climb downwards.
There is a stone staircase leading up here.
You hit the endoplasm but do no damage. The endoplasm hits you.
You die...

###
#@#
#J#
#g#
#J#
#.#
#.#
#.#
...


You could see 2 endoplasms and a goblin.

Vanquished Creatures
  A ball python (D:1)
  A giant cockroach (D:1)
2 creatures vanquished.

Notes
Turn   | Place    | Note
-------+----------+-------------------------------------------
     0 | D:1      | ragingrage the Demonspawn Reaver began the quest for the
                  | Orb.
     0 | D:1      | Reached XP level 1. HP: 16/16 MP: 3/3
    23 | D:2      | Slain by an endoplasm

Illustrated notes

Levels and vault maps discovered:
D:1:      mainiacjoe_arrival_oval_in_oval, layout_rooms,
          chequers_ecumenical_altar_simple_redux, nicolae_grassy_gnolls
D:2:      layout_basic, uniq_robin

Action                     || total
---------------------------++-------
  Melee: Falchion          ||     4
   Cast: Kiss of Death     ||     1
 Armour: Leather armour    ||    12
  Dodge: Dodged            ||     8

Table legend: (Time is in decaauts)
 A = Elapsed time spent in this place.
 B = Non-inter-level travel time spent in this place.
 C = Inter-level travel time spent in this place.
 D = Time resting spent in this place.
 E = Time spent auto-exploring this place.
 F = Levels seen in this place.
 G = Mean time per level.
                   A        B        C        D        E       F      G
               +--------+--------+--------+--------+--------+-----+--------+
         Total |     23 |     23 |      0 |      0 |      3 |   2 |   11.5 |
       Dungeon |     23 |     23 |      0 |      0 |      3 |   2 |   11.5 |
               +--------+--------+--------+--------+--------+-----+--------+

Top non-repeatable levels by time:
     D:1: 22 daAuts
     D:2: 0 daAuts
